Map: King's Cove LE

Players

Pangelo - Winner!

  • Race: Zerg Zerg
  • League: Platinum
  • Spawn Location: 11:00

MaxRax

  • Race: Terran Terran
  • Spawn Location: 5:00

VOD

Have the link to the VOD?

Description

Time

  • Played on: Jan. 5, 2025, 4:16 p.m.
  • Length: 19:07
Show
View Real Time Build Order
Export as new Build Order

Pangelo Zerg - Winner!

Build Orders: Hatch First 

Get SALT Encoding   

  12  0:01  Drone  
  13  0:12  Overlord  
  13  0:18  Drone  
  14  0:31  Drone x2  
  14  0:34  Drone  
  17  0:45  Drone  
  18  0:55  Hatchery  
  17  0:58  Drone  
  17  1:01  Extractor  
  17  1:06  Drone  
  18  1:17  Spawning Pool  
  17  1:20  Drone  
  18  1:28  Drone  
  19  1:40  Overlord  
  19  1:50  Drone  
  20  2:01  Drone  
  21  2:05  Metabolic Boost  
  21  2:12  Drone x2  
  21  2:14  Queen  
  25  2:18  Drone  
  25  2:19  Queen  
  25  2:22  Drone  
  29  2:31  Extractor  
  29  2:35  Spine Crawler  
  29  2:36  Drone  
  29  2:37  Zergling x2  
  28  2:47  Extractor  
  28  2:51  Spine Crawler  
  26  2:52  Zergling x2  
  28  2:59  Zergling x4  
  28  3:01  Pneumatized Carapace  
  28  3:02  Drone x2  
  32  3:07  Drone  
  32  3:12  Drone  
  35  3:16  Drone  
  36  3:26  Overlord  
  36  3:35  Lair  
  36  3:46  Drone x5  
  36  3:47  Drone  
  41  4:02  Drone x3  
  44  4:08  Hatchery  
  44  4:09  Overlord x2  
  43  4:16  Drone  
  44  4:18  Overlord  
  44  4:35  Spire  
  44  4:37  Drone x3, Extractor  
  45  4:39  Drone  
  46  4:49  Hatchery  
  46  4:52  Drone x2  
  47  4:56  Drone  
  48  5:06  Extractor  
  47  5:11  Queen x2  
  47  5:13  Drone x3, Extractor  
  53  5:18  Spine Crawler  
  52  5:30  Queen  
  52  5:32  Drone x3  
  57  5:43  Drone  
  57  5:46  Queen  
  60  5:57  Drone x7  
  63  5:59  Overlord  
  62  6:22  Zergling x4  
  62  6:23  Zergling x18  
  69  6:36  Mutalisk x4  
  77  6:42  Queen  
  77  6:53  Lair, Overseer  
  73  6:58  Overseer  
  62  7:20  Drone x2  
  62  7:21  Drone x10  
  72  7:32  Drone x3  
  72  7:33  Drone  
  76  7:44  Drone x4  
  78  8:17  Drone  
  78  8:18  Drone x2  
  78  8:19  Evolution Chamber, Baneling Nest  
  79  8:25  Evolution Chamber  
  78  8:27  Infestation Pit  
  78  8:28  Drone x11  
  88  8:35  Overlord x2  
  88  8:36  Overlord x2  
  88  8:51  Zerg Melee Weapons Level 1  
  88  8:52  Zerg Ground Armor Level 1  
  88  8:53  Zerg Flyer Weapons Level 1  
  88  8:54  Extractor  
  87  8:56  Extractor  
  86  9:09  Neural Parasite  
  86  9:11  Burrow  
  86  9:12  Centrifugal Hooks  
  86  9:15  Drone x8  
  86  9:16  Drone x9  
  103  9:22  Zergling x2  
  103  9:23  Zergling x4  
  106  9:29  Baneling  
  106  9:30  Baneling x13  
  106  9:33  Zergling x6  
  106  9:37  Zergling x4  
  111  9:40  Zergling x4  
  113  9:46  Zergling x2  
  113  9:47  Zergling x4  
  110  10:01  Zergling x10  
  110  10:02  Zergling x4  
  98  10:21  Zergling x2  
  98  10:22  Zergling x16  
  103  10:31  Corruptor x2  
  106  10:37  Corruptor x2  
  106  10:42  Baneling x7  
  110  10:43  Baneling x8  
  110  10:48  Zergling x8  
  102  11:21  Zergling x12  
  102  11:22  Zergling x12  
  106  11:33  Hive  
  106  11:34  Zerg Melee Weapons Level 2, Zerg Ground Armor Level 2  
  106  11:37  Hatchery  
  106  11:39  Drone x3  
  108  11:40  Hatchery  
  108  11:42  Baneling  
  108  11:43  Baneling x16  
  108  11:44  Baneling x2  
  108  11:45  Hatchery  
  106  11:54  Zergling x16  
  109  11:57  Zergling x2  
  115  12:08  Hatchery, Extractor  
  114  12:11  Extractor  
  103  12:20  Zergling x2  
  103  12:21  Zergling x20  
  111  12:24  Baneling x7  
  111  12:25  Baneling x7  
  107  12:38  Zergling x6  
  107  12:39  Zergling x8  
  108  12:47  Zergling x10  
  110  12:51  Drone x3  
  110  12:56  Zergling x4  
  115  13:00  Zergling x4  
  115  13:01  Zergling x6  
  115  13:03  Zergling x2  
  115  13:05  Baneling  
  121  13:06  Baneling x6  
  121  13:07  Infestor  
  123  13:20  Corruptor x3  
  123  13:22  Zergling x6  
  123  13:23  Zergling x16  
  123  13:24  Zergling x4  
  142  13:29  Baneling x8  
  142  13:30  Baneling x19  
  142  13:33  Zergling x12  
  142  13:34  Zergling x2  
  138  13:43  Drone x5  
  138  13:45  Overlord x2  
  143  13:51  Overlord x3  
  143  13:52  Overlord  
  137  14:09  Zergling x2  
  132  14:10  Zergling x40  
  141  14:31  Zergling x2  
  141  14:32  Zergling x24  
  151  14:50  Drone  
  151  14:51  Drone x18  
  170  14:59  Zerg Melee Weapons Level 3  
  170  15:00  Zerg Ground Armor Level 3, Adrenal Glands  
  170  15:02  Ultralisk Cavern  
  170  15:03  Queen  
  170  15:04  Queen x3  
  177  15:14  Zergling x30  
  177  15:15  Zergling x2  
  177  15:17  Baneling x8  
  177  15:18  Baneling x14  
  177  15:20  Overlord x4  
  192  15:39  Queen  
  189  15:49  Hatchery  
  188  15:51  Extractor  
  185  15:57  Extractor  
  172  16:15  Queen, Extractor  
  172  16:16  Hatchery  
  172  16:17  Extractor  
  171  16:30  Ultralisk x3  
  171  16:31  Ultralisk x3  
  198  16:33  Chitinous Plating  
  198  16:42  Drone x2  
  190  17:04  Zergling x12  
  190  17:05  Zergling x6  
  199  17:16  Overlord x3  
  199  17:19  Overseer x2  
  199  17:20  Overseer  
  199  17:21  Overseer  
  199  17:52  Anabolic Synthesis  
  197  18:08  Baneling  
  197  18:09  Baneling x20  
  197  18:19  Spore Crawler  
  196  18:22  Spine Crawler  
  196  18:23  Spine Crawler, Spore Crawler  
  196  18:25  Spine Crawler  
Show
View Real Time Build Order
Export as new Build Order

MaxRax Terran 

Build Orders: Reaper Expand, Hellion Banshee 

Get SALT Encoding   

  12  0:00  SCV  
  13  0:12  SCV  
  14  0:18  Supply Depot  
  14  0:24  SCV  
  15  0:39  SCV  
  15  0:41  Barracks  
  16  0:44  Refinery  
  16  0:51  SCV  
  17  1:03  SCV  
  18  1:15  SCV  
  19  1:28  Reaper, Orbital Command  
  20  1:43  Command Center  
  20  1:52  Supply Depot  
  21  1:54  SCV  
  21  1:59  Marine  
  22  2:06  SCV  
  23  2:16  Factory  
  23  2:18  SCV  
  23  2:20  Barracks Reactor  
  24  2:30  SCV  
  25  2:42  Command Center  
  25  2:54  SCV  
  26  2:59  Orbital Command  
  26  3:14  Starport  
  26  3:15  Refinery, SCV  
  27  3:23  Hellion x2  
  32  3:27  SCV x2  
  32  3:30  Barracks Tech Lab  
  33  3:39  SCV  
  33  3:40  SCV  
  35  3:44  Hellion  
  35  3:45  Hellion  
  39  3:55  SCV x2  
  41  4:02  Orbital Command  
  41  4:07  SCV  
  42  4:12  Hellion x2  
  42  4:15  Banshee  
  49  4:17  Cloaking Field  
  49  4:20  SCV  
  49  4:21  SCV  
  51  4:28  Supply Depot  
  51  4:30  Barracks Tech Lab  
  51  4:32  SCV x2  
  51  4:34  SCV  
  54  4:44  SCV, Barracks  
  54  4:45  SCV  
  56  4:47  Barracks  
  56  4:49  SCV  
  56  4:50  Factory Reactor  
  56  4:52  Marine  
  58  4:58  Banshee  
  61  5:00  Supply Depot  
  61  5:03  SCV x3  
  64  5:11  Stimpack  
  64  5:12  Marine  
  65  5:15  SCV x3  
  65  5:20  Refinery  
  68  5:28  Supply Depot  
  68  5:30  Marine  
  68  5:32  Marine x2  
  71  5:39  SCV x2, Factory Reactor  
  73  5:48  Marine  
  73  5:49  Marine x2  
  76  5:50  Marine  
  76  5:54  Starport Reactor  
  73  6:19  Marine x5  
  76  6:28  SCV x3  
  76  6:30  Widow Mine x2  
  76  6:31  Medivac  
  85  6:38  Supply Depot  
  85  6:43  Supply Depot  
  85  6:52  Orbital Command  
  85  6:56  Barracks  
  85  6:57  Marine x2, Medivac, Barracks  
  85  6:58  Marine  
  85  6:59  Marine x2  
  85  7:14  Marine x2  
  87  7:16  Marine  
  87  7:18  Engineering Bay  
  87  7:19  Marine x2, Engineering Bay  
  84  7:27  Supply Depot  
  84  7:31  Medivac x2, Widow Mine x2  
  84  7:32  Marine x2  
  84  7:34  Marine  
  84  7:37  Marine x2  
  95  7:39  Refinery  
  95  7:41  SCV  
  95  7:42  SCV x2  
  100  7:48  Missile Turret  
  100  7:50  Marine x2  
  102  7:51  Missile Turret  
  102  7:52  Marine  
  102  7:53  SCV, Supply Depot  
  102  7:54  Marine, SCV x2  
  107  8:01  Marine  
  108  8:06  SCV  
  108  8:10  Missile Turret, Terran Infantry Weapons Level 1  
  108  8:11  Terran Infantry Armor Level 1  
  109  8:14  Marine x2, SCV, Barracks Reactor x2  
  109  8:15  SCV  
  109  8:18  SCV  
  114  8:27  SCV x2  
  116  8:30  SCV  
  116  8:31  Barracks  
  116  8:32  Barracks x2  
  117  8:39  Refinery x2  
  117  8:46  Supply Depot  
  117  8:49  Supply Depot  
  117  8:53  Marine x3, SCV, Widow Mine x2  
  117  8:54  Marine x2, SCV x2  
  129  8:58  Marine x4  
  133  9:06  Armory  
  133  9:08  Medivac x2, SCV x3  
  140  9:10  Marine  
  140  9:11  Marine x2  
  140  9:12  Marine x2  
  140  9:14  Widow Mine x2  
  140  9:15  Supply Depot  
  149  9:18  Supply Depot  
  149  9:30  Barracks Tech Lab, Barracks Reactor x2  
  149  9:35  Marine x5, SCV x3  
  149  9:36  Marine  
  149  9:38  Supply Depot  
  158  9:40  Command Center  
  158  9:47  SCV  
  141  10:17  Marine x6  
  141  10:18  Marine x8  
  142  10:25  Medivac x2, Widow Mine x2  
  149  10:33  SCV  
  149  10:34  Supply Depot  
  149  10:35  Marine x10  
  139  10:36  Marine  
  139  10:37  Supply Depot  
  139  10:38  Supply Depot  
  139  10:40  Terran Infantry Weapons Level 2, Supply Depot  
  139  10:41  Terran Infantry Armor Level 2  
  149  10:55  Marine x2  
  149  10:56  Marine x9  
  153  11:10  Marine x3  
  153  11:13  Marine x3, Widow Mine x2  
  153  11:14  Marine x7  
  165  11:19  Marine  
  156  11:27  Marine, Supply Depot  
  156  11:28  Marine x2  
  156  11:29  Supply Depot  
  156  11:31  Marine x3, Supply Depot  
  156  11:32  Marine, Combat Shield  
  153  11:33  Marine  
  153  11:34  Marine x5  
  153  11:36  Supply Depot  
  153  11:37  Marine, Widow Mine  
  153  11:38  Widow Mine  
  164  11:45  Marine  
  164  11:46  Marauder x2  
  169  11:49  Marine x2  
  171  11:56  Marine x3  
  171  11:57  Marine x6  
  171  11:59  Supply Depot  
  180  12:01  Supply Depot  
  180  12:03  Marine  
  180  12:07  Marine  
  158  12:17  Marine  
  158  12:22  Marine x6  
  154  12:24  Marine  
  154  12:26  Medivac x2, Marine, Widow Mine x2  
  154  12:27  Marine x5  
  169  12:34  Marine  
  166  12:40  Marine x4  
  166  12:44  Marine x2  
  163  12:45  Marine x7  
  162  12:52  Marine  
  162  12:57  Marine  
  162  12:58  Marine x2, Planetary Fortress  
  166  13:00  SCV x3  
  166  13:02  Sensor Tower  
  169  13:08  Command Center  
  169  13:10  Command Center  
  169  13:12  SCV x3  
  170  13:15  Command Center  
  170  13:19  Command Center  
  172  13:20  Sensor Tower  
  172  13:24  SCV  
  172  13:25  SCV x2  
  175  13:36  SCV  
  175  13:37  Command Center  
  175  13:40  Refinery x2  
  176  13:51  Marine x11  
  176  13:55  Sensor Tower  
  161  14:05  Marine  
  161  14:06  Marine x2  
  161  14:09  Marine x3  
  160  14:10  Marine x4  
  164  14:29  Marine  
  164  14:30  Marine x6  
  143  14:33  Orbital Command  
  143  14:34  Orbital Command  
  143  14:37  Orbital Command  
  143  14:38  Orbital Command  
  141  14:39  Marauder  
  141  14:40  Marauder  
  139  14:54  Marine x4, Sensor Tower  
  139  14:55  Factory  
  139  14:59  Starport, Ghost Academy  
  143  15:00  Armory  
  143  15:01  Starport, Marauder x2  
  143  15:02  Terran Infantry Weapons Level 3  
  143  15:03  Armory  
  143  15:05  Marine, Terran Infantry Armor Level 3  
  146  15:21  Planetary Fortress  
  144  15:22  SCV, Marauder  
  144  15:23  SCV x4  
  151  15:30  Personal Cloaking  
  149  15:44  Starport Reactor, Starport Tech Lab  
  149  15:45  Factory Tech Lab  
  149  15:46  Medivac x2  
  153  16:00  Marine x2  
  153  16:01  Ghost x2  
  153  16:02  Marine x6, Command Center  
  121  16:08  Widow Mine x2  
  123  16:17  Marine  
  124  16:22  Marine x2  
  126  16:27  Marine x3  
  126  16:29  Drilling Claws, Widow Mine  
  126  16:30  Widow Mine, Ghost x2  
  139  16:32  Widow Mine  
  139  16:33  Marine x4  
  143  16:42  Supply Depot  
  143  16:51  Widow Mine  
  145  16:59  Marine x4, Marauder x2  
  148  17:04  Marine x2  
  148  17:05  Missile Turret x2  
  150  17:15  Sensor Tower  
  150  17:19  Marine x6, Ghost  
  150  17:20  Ghost  
  166  17:22  Widow Mine  
  166  17:23  Widow Mine, Siege Tank  
  166  17:25  Viking x2  
  166  17:27  Marine x3, Raven  
  166  17:28  Sensor Tower  
  178  17:32  Sensor Tower  
  178  17:44  Command Center  
  178  17:48  Ghost  
  181  17:53  Ghost  
  181  17:54  Marine  
  181  17:55  Marine x3  
  176  18:16  Medivac x2, Ghost  
  176  18:19  Viking x2  
  187  18:20  Widow Mine  
  187  18:21  Marine, Widow Mine, Siege Tank  
  187  18:22  Marine x2, Ghost  
  199  18:47  Marine x12  
Tags
 
Add a new tag
Caveats
  • Supply blocks, unpowered buildings, or Contaminate may cause inaccurate times.
  • Supply counts are checked every 10 seconds.